 Dungeon Crawl Stone Soup version 0.31-a0-1096-g246cf0196b (webtiles) character file.

Game seed: 7122733164566067987

332 ywein the Stinger (level 6, -1/41 HPs)
             Began as a Demonspawn Venom Mage on Nov 29, 2023.
             Slain by a phantom (6 damage)
             ... on level 4 of the Dungeon.
             The game lasted 00:07:40 (4118 turns).

ywein the Stinger (Demonspawn Venom Mage)           Turns: 4118, Time: 00:07:40

Health: -1/41      AC:  3    Str:  8    XL:     6   Next: 26%
Magic:  12/12      EV: 12    Int: 19    God:
Gold:   118        SH:  0    Dex: 19    Spells: 10/13 levels left

rFire   . . .        u - +2 whip (venom)
rCold   . . .        (no shield)
rNeg    . . .        a - +0 robe
rPois   .            (no helmet)
rElec   .            x - +0 cloak
rCorr   .            (no gloves)
SInv    +            (no boots)
Will    .....        (no amulet)
Stlth   ++           h - +6 ring of dexterity
HPRegen 0.26/turn    l - ring of see invisible
MPRegen 0.13/turn

%: no passive effects
@: no status effects
A: foul stench 2, demonic magic 1
a: no special abilities


You were on level 4 of the Dungeon.
You visited 1 branch of the dungeon, and saw 4 of its levels.

You collected 118 gold pieces.

Inventory:

Hand Weapons
 k - a +0 short sword
 u - a +2 whip of venom (weapon)
 w - a +3 quarterstaff of chaos
Missiles
 n - a throwing net
 r - 15 boomerangs
Armour
 a - a +0 robe (worn)
 x - a +0 cloak (worn)
Jewellery
 h - a +6 ring of dexterity (left hand)
 l - a ring of see invisible (right hand)
Wands
 y - a wand of roots (9)
Scrolls
 c - a scroll of poison {unknown}
 e - 2 scrolls of fog {unknown}
 g - a scroll of silence {unknown}
 i - a scroll of enchant weapon {unknown}
 j - 5 scrolls of identify {unknown}
 m - 2 scrolls of immolation {unknown}
 p - a scroll of torment {unknown}
 q - a scroll of blinking {unknown}
 v - 2 scrolls of teleportation {unknown}
Potions
 b - a potion of magic
 d - a potion of resistance {unknown}
 f - 2 potions of curing {unknown}
 o - a potion of might {unknown}
 s - a potion of enlightenment {unknown}
 t - a potion of brilliance {unknown}


   Skills:
 - Level 1.7 Dodging
 - Level 1.7 Stealth
 - Level 4.0 Spellcasting
 - Level 3.0 Transmutations
 + Level 4.9 Poison Magic


You had 10 spell levels left.
You knew the following spells:

 Your Spells              Type           Power      Damage    Failure   Level
a - Sting                 Tmut/Pois      72%        1d6       2%          1
b - Poisonous Vapours     Pois/Air       26%        N/A       8%          2

Your spell library contained the following spells:

 Spells                   Type           Power      Damage    Failure   Level
 Olgreb's Toxic Radiance  Pois           22%        N/A       19%         4
 Mephitic Cloud           Conj/Pois/Air  10%        N/A       22%         3
 Animate Dead             Necr           3%         N/A       80%         4
 Haunt                    Necr/Summ      1%         N/A       100%        7
 Infestation              Necr           1%         N/A       100%        8


Dungeon Overview and Level Annotations

Branches:
Dungeon (4/15)
 Temple: D:4-7

Altars:
Okawaru

Annotations:
D:3 3 runed translucent doors, Dirtsage's ghost, amateur DsMo


Innate Abilities, Weirdness & Mutations

You sometimes emit foul miasma when damaged in melee.
Spells you cast may paralyse adjacent enemies.


Message History

The phantom is severely damaged.
The phantom barely misses you.
You hit the phantom.
The phantom is severely damaged.
The phantom misses you.
You hit the phantom but do no damage.
The phantom is severely damaged.
The phantom hits you but does no damage.
You closely miss the phantom.
The phantom is severely damaged.
The phantom barely misses you.
You closely miss the phantom.
The phantom is severely damaged.
The phantom hits you.
* * * LOW HITPOINT WARNING * * *
The phantom blinks!
You blink.
Found 4 stones and 21 gold pieces.
A goblin comes into view. It is wielding a +0 dagger.
The phantom hits you but does no damage.
The goblin shouts!
The phantom hits you.
* * * LOW HITPOINT WARNING * * *
The phantom blinks!
You blink.
You hit the phantom but do no damage.
The phantom is severely damaged.
The phantom closely misses you.
You hit the phantom. Your punch misses the phantom.
The phantom is severely damaged.
The phantom misses you.
You hit the phantom.
The phantom is severely damaged.
The phantom hits you.
* * * LOW HITPOINT WARNING * * *
The goblin hits you but does no damage.
You barely miss the phantom.
The phantom is severely damaged.
The phantom hits you.
* * * LOW HITPOINT WARNING * * *
The phantom blinks!
You blink.
The phantom closely misses you. The phantom hits you.
You die...

...†.#........~~~...#
.###.#..........(....
.# #.#......§§......###
.# #.#......#.g.##....#
.###.##.........##.....
. .##..####...........#
.# ###..# #..........##
..# ##...#
##.......W...#..#
.....#..........@....#
.....###......#.....##
#######............##
...##......#........#
...###.......#......#
.........#####....###
.......>## ##..##
.......## #### .......#


You could see a phantom and a goblin.

Vanquished Creatures
  A howler monkey (D:4)
  A hound (D:4)
  Crazy Yiuf (D:3)
  A jelly (D:4)
  An iguana (D:4)
  An orc wizard (D:4)
  3 gnolls (D:2)
  3 adders (D:4)
  A worm (D:3)
  3 dart slugs
  10 orcs
  2 endoplasms
  4 giant cockroaches
  8 goblins
  8 hobgoblins
  6 jackals (D:3)
  2 quokkas
  9 ball pythons
  5 bats
  A frilled lizard (D:3)
  10 kobolds
  9 rats
90 creatures vanquished.

Notes
Turn   | Place    | Note
-------+----------+-------------------------------------------
     0 | D:1      | ywein the Demonspawn Venom Mage began the quest for the
                  | Orb.
     0 | D:1      | Reached XP level 1. HP: 13/13 MP: 3/3
    44 | D:1      | Reached skill level 1 in Transmutations
   230 | D:1      | Gained mutation: You may rarely emit foul miasma when
                  | damaged in melee. [demonic ancestry]
   230 | D:1      | Reached XP level 2. HP: 12/19 MP: 5/5
   427 | D:1      | Found a faded altar of an unknown god.
   910 | D:2      | Reached XP level 3. HP: 14/24 MP: 0/6
  1110 | D:2      | Learned a level 2 spell: Poisonous Vapours
  1929 | D:2      | Gained mutation: Spells you cast may paralyse adjacent
                  | enemies. [demonic ancestry]
  1929 | D:2      | Reached XP level 4. HP: 29/30 MP: 5/8
  2051 | D:3      | Found an iron altar of Okawaru.
  2822 | D:3      | Found a runed translucent door.
  2823 | D:3      | Noticed Crazy Yiuf
  2832 | D:3      | Killed Crazy Yiuf
  2833 | D:3      | Gained mutation: You sometimes emit foul miasma when
                  | damaged in melee. [demonic ancestry]
  2833 | D:3      | Reached XP level 5. HP: 35/35 MP: 6/9
  2993 | D:3      | Found a runed translucent gate.
  2993 | D:3      | Found a runed translucent gate.
  2993 | D:3      | Found a runed translucent gate.
  2997 | D:3      | Noticed Dirtsage's ghost (amateur DsMo)
  3819 | D:4      | Reached XP level 6. HP: 36/41 MP: 6/11
  4118 | D:4      | Slain by a phantom

Illustrated notes

Levels and vault maps discovered:
D:1:      dpeg_arrival_leaves_temple_mockup, layout_loops_ring,
          ebering_ecumenical_altar_rust
D:2:      layout_basic
D:3:      layout_loops_ring, okawaru_ov_weapons_minmay,
          ebering_ghost_rock_garden, kennysheep_generic_room_14,
          uniq_crazy_yiuf_cottage
D:4:      minmay_recursive_quarters, layout_cave_pools,
          mainiacjoe_overflow_alcove_1, gammafunk_ghost_nasty_kobolds,
          serial_park_tiny_pond, minmay_bisected

Skill      XL: |  1  2  3  4  5  6 |
---------------+-------------------+-----
Transmutations | 1 2 3 |  3.0
Spellcasting   | 3 4 |  4.0
Poison Magic   | 4 |  4.9
Dodging        | |  1.7
Stealth        | |  1.7

Action                     |  1- 3 |  4- 6 || total
---------------------------+-------+-------++-------
  Melee: Dagger            |    71 |       ||    71
         Unarmed           |     6 |       ||     6
         Short sword       |    32 |    38 ||    70
         Whip              |       |    86 ||    86
         Punch             |       |     3 ||     3
         Quarterstaff      |       |    10 ||    10
   Cast: Sting             |    17 |       ||    17
         Poisonous Vapours |     1 |    30 ||    31
   Stab: Sleeping          |     5 |     3 ||     8
         Distracted        |     1 |       ||     1
         Paralysed         |       |    11 ||    11
 Armour: Robe              |    55 |    76 ||   131
  Dodge: Dodged            |    75 |    96 ||   171

Table legend: (Time is in decaauts)
 A = Elapsed time spent in this place.
 B = Non-inter-level travel time spent in this place.
 C = Inter-level travel time spent in this place.
 D = Time resting spent in this place.
 E = Time spent auto-exploring this place.
 F = Levels seen in this place.
 G = Mean time per level.
                   A        B        C        D        E       F      G
               +--------+--------+--------+--------+--------+-----+--------+
         Total |   4126 |   3951 |    175 |    158 |   3100 |   4 | 1031.5 |
       Dungeon |   4126 |   3951 |    175 |    158 |   3100 |   4 | 1031.5 |
               +--------+--------+--------+--------+--------+-----+--------+

Top non-repeatable levels by time:
     D:3: 1177 daAuts
     D:1: 1003 daAuts
     D:2: 997 daAuts
     D:4: 948 daAuts
